[Event "January 9 Early 2024"]
[Site "https://www.chess.com"]
[Date "2024.01.11"]
[Round "5"]
[White "Durarbayli, Vasif"]
[Black "Yurasov, Matfey"]
[Result "1-0"]
[Board "161"]
[TimeControl "180+1"]
[WhiteFideId "13402935"]
[BlackFideId "55617603"]
[WhiteElo "2803"]
[BlackElo "2554"]
[WhiteTeam "AZE"]
[BlackTeam "FID"]
[WhiteClock "0:00:17"]
[BlackClock "0:00:39"]

1. e4 e5 2. Nc3 Nf6 3. d4 exd4 4. Qxd4 Nc6 5. Qd3 Bb4 6. Bd2 O-O 7. O-O-O Re8 8. Nge2 d6 9. Bg5 h6 10. Bxf6 Qxf6 11. Nd5 Qd8 12. Nxb4 Nxb4 13. Qd2 Nc6 14. f3 Be6 15. Kb1 a6 16. h4 Qf6 17. Nf4 Rad8 18. g4 Ne5 19. g5 hxg5 20. hxg5 Qxg5 21. Qh2 Qh6 22. Nh5 Nxf3 23. Nf6+ Kf8 24. Qxh6 gxh6 25. Nxe8 Rxe8 26. Rxh6 Ke7 27. Be2 Ng5 28. Rh4 Rg8 29. Rg1 Rg7 30. Kc1 Rg8 31. a3 Rg7 32. Rg3 Rg8 33. Rh5 f6 34. Rh4 c5 35. Rg1 b5 36. Rf1 Rf8 37. Bg4 Bc4 38. Re1 Rg8 39. b3 Be6 40. Bxe6 Kxe6 41. Rf1 Rg7 42. Kd2 a5 43. Ke3 Nf7 44. Rhf4 Rg6 45. Rh1 Ne5 46. Kf2 Rg7 47. Rh8 Ng4+ 48. Ke2 Ne5 49. Re8+ Kd7 50. Ra8 Rg2+ 51. Rf2 Rg4 52. Rxf6 Rxe4+ 53. Kd2 a4 54. Ra7+ Kc8 55. Rf8# 1-0

[Event "January 9 Early 2024"]
[Site "https://www.chess.com"]
[Date "2024.01.11"]
[Round "5"]
[White "Fernandez Garcia, Gumersindo"]
[Black "Yurovskykh, Oleksandr"]
[Result "1-0"]
[Board "162"]
[TimeControl "180+1"]
[WhiteFideId "24516740"]
[BlackFideId "14134020"]
[WhiteElo "2389"]
[BlackElo "2594"]
[WhiteTeam "ESP"]
[BlackTeam "UKR"]
[WhiteClock "0:00:18"]
[BlackClock "0:00:03"]

1. e4 e6 2. d4 d5 3. Bd3 dxe4 4. Bxe4 Nf6 5. Bf3 Nbd7 6. Ne2 Bd6 7. O-O O-O 8. c4 e5 9. c5 Be7 10. c6 e4 11. cxd7 Bxd7 12. Bxe4 Nxe4 13. Nbc3 Nf6 14. Bg5 h6 15. Bh4 c6 16. Qd3 Qc8 17. d5 Nxd5 18. Bxe7 Nxe7 19. Ng3 Nf5 20. Rad1 Nxg3 21. Qxg3 Bf5 22. Rfe1 Re8 23. Qf4 Rxe1+ 24. Rxe1 Be6 25. a3 Qb8 26. Qh4 Qc7 27. Ne4 b6 28. Rd1 f6 29. Nxf6+ gxf6 30. Qxf6 Qf7 31. Qxh6 Bf5 32. Qg5+ Bg6 33. Rd6 Kh7 34. Rxc6 Re8 35. h4 Re6 36. Rc3 Re1+ 37. Kh2 Re2 38. h5 Bxh5 39. Rh3 1-0

[Event "January 9 Early 2024"]
[Site "https://www.chess.com"]
[Date "2024.01.11"]
[Round "5"]
[White "Joubert, Dantelle"]
[Black "Clawitter, Craig"]
[Result "0-1"]
[Board "163"]
[TimeControl "180+1"]
[WhiteFideId "14310813"]
[BlackFideId "2023105"]
[WhiteElo "2050"]
[BlackElo "2243"]
[WhiteTeam "RSA"]
[BlackTeam "USA"]
[WhiteClock "0:00:03"]
[BlackClock "0:00:02"]

1. d4 e6 2. c4 Nf6 3. Nf3 d5 4. Nc3 dxc4 5. e3 c5 6. Bxc4 Nc6 7. O-O cxd4 8. exd4 Be7 9. Bg5 O-O 10. Re1 b6 11. Qd2 Bb7 12. Rad1 Na5 13. Be2 Rc8 14. Ne5 Nd5 15. Bxe7 Qxe7 16. Bf3 Nxc3 17. Bxb7 Nxd1 18. Bxc8 Rxc8 19. Rxd1 f6 20. Nf3 Nc4 21. Qe2 Rc6 22. d5 Rc5 23. dxe6 b5 24. h4 a6 25. Rd7 Qe8 26. b3 Ne5 27. Nd4 Nxd7 28. exd7 Qxd7 29. g4 Re5 30. Qd3 Rd5 0-1

[Event "January 9 Early 2024"]
[Site "https://www.chess.com"]
[Date "2024.01.11"]
[Round "5"]
[White "Leschinsky, Gary"]
[Black "Pinheiro, Iung Alicio de O."]
[Result "0-1"]
[Board "164"]
[TimeControl "180+1"]
[WhiteFideId "30951321"]
[BlackFideId "2104350"]
[WhiteElo "2424"]
[BlackElo "2597"]
[WhiteTeam "USA"]
[BlackTeam "BRA"]
[WhiteClock "0:00:05"]
[BlackClock "0:00:12"]

1. d4 Nf6 2. c4 e6 3. Nc3 Bb4 4. Qc2 Nc6 5. e3 d6 6. Nf3 e5 7. a3 Bxc3+ 8. Qxc3 Qe7 9. Be2 a5 10. O-O a4 11. b4 axb3 12. dxe5 dxe5 13. Bb2 Ne4 14. Qxb3 Nc5 15. Qc3 Na4 16. Qc2 Nxb2 17. Qxb2 O-O 18. Nd2 e4 19. Nb3 Ne5 20. c5 Bg4 21. Bxg4 Nxg4 22. Nd4 Qe5 23. g3 Qh5 24. h4 Rab8 25. Qc2 Rfe8 26. c6 b6 27. Ne2 Ne5 28. Nf4 Qg4 29. Qe2 Nf3+ 30. Kh1 h6 31. h5 Re5 32. Kg2 Rxh5 33. Rh1 Rxh1 34. Rxh1 Rd8 35. Qc4 Rd2 36. Qxe4 Ng5 37. Qe8+ Kh7 38. Qe7 Qf3+ 0-1

[Event "January 9 Early 2024"]
[Site "https://www.chess.com"]
[Date "2024.01.11"]
[Round "5"]
[White "Khripachenko, Alexander"]
[Black "Drygalov, Sergey"]
[Result "0-1"]
[Board "165"]
[TimeControl "180+1"]
[WhiteFideId "54184975"]
[BlackFideId "24171743"]
[WhiteElo "2826"]
[BlackElo "2949"]
[WhiteTeam "FID"]
[BlackTeam "RUS"]
[WhiteClock "0:00:01"]
[BlackClock "0:00:41"]

1. e4 c5 2. Nf3 d6 3. d4 cxd4 4. Nxd4 Nf6 5. Nc3 a6 6. Be3 e5 7. Nb3 Be7 8. f3 Be6 9. Qd2 O-O 10. O-O-O Nbd7 11. g4 b5 12. g5 Nh5 13. Nd5 Bxd5 14. exd5 f6 15. gxf6 Bxf6 16. Na5 Nf4 17. Nc6 Qe8 18. Qb4 Qh5 19. Bxf4 exf4 20. Qxd6 Qxf3 21. Bd3 Ne5 22. Qe6+ Kh8 23. Nxe5 Qe3+ 24. Kb1 Qxe5 25. Qxe5 Bxe5 26. Rhe1 Bd6 27. Re6 Rad8 28. h3 f3 29. a4 bxa4 30. Bxa6 f2 31. Bf1 g6 32. c3 Rf3 33. Kc2 Kg7 34. Rd3 Rf4 35. Rd4 Rxd4 36. cxd4 Bg3 37. Re7+ Kh6 38. Re3 Bh4 39. Re4 Bg5 40. h4 Rc8+ 41. Kd3 Bc1 42. d6 Bxb2 43. Re2 a3 0-1

[Event "January 9 Early 2024"]
[Site "https://www.chess.com"]
[Date "2024.01.11"]
[Round "5"]
[White "Mihajlovskij, Sergei"]
[Black "Gurevich, Dmitry"]
[Result "0-1"]
[Board "166"]
[TimeControl "180+1"]
[WhiteFideId "13500805"]
[BlackFideId "2000407"]
[WhiteElo "2220"]
[BlackElo "2532"]
[WhiteTeam "BLR"]
[BlackTeam "USA"]
[WhiteClock "0:00:38"]
[BlackClock "0:00:08"]

1. e4 c5 2. Nf3 d6 3. d4 cxd4 4. Qxd4 a6 5. Bc4 e6 6. Nc3 Nf6 7. Qd3 Nc6 8. Bf4 b5 9. Bb3 b4 10. Ne2 a5 11. O-O-O Ba6 12. Bc4 Bxc4 13. Qxc4 Qc7 14. e5 Nd5 15. exd6 Bxd6 16. Bxd6 Qxd6 17. Ned4 Nxd4 18. Qxd4 O-O 19. Kb1 a4 20. Qe5 Qxe5 21. Nxe5 a3 22. Rxd5 exd5 23. b3 Rfe8 24. Nd3 Re2 25. Rf1 Rb8 26. Kc1 f6 27. Kd1 Re4 28. f3 Re7 29. Re1 Kf7 30. Nf4 Rxe1+ 31. Kxe1 Rb5 32. Kd2 g5 33. Ne2 Ke7 34. Kd3 Kd6 35. Nd4 Rb8 36. g3 h5 37. Kd2 h4 38. Ne2 h3 39. Nc1 Re8 40. Nd3 Rb8 41. Ke3 f5 42. Kd2 d4 43. Ke2 Kd5 44. Kd2 g4 45. fxg4 fxg4 46. Nf2 Rg8 47. Nd3 Ke4 48. Nxb4 Kf3 49. Nc6 Kg2 50. Nxd4 Kxh2 51. Ne2 Kg2 0-1

[Event "January 9 Early 2024"]
[Site "https://www.chess.com"]
[Date "2024.01.11"]
[Round "5"]
[White "Morales Garcia, Sergio Joshafatt"]
[Black "Feuerstack, Aljoscha"]
[Result "1-0"]
[Board "167"]
[TimeControl "180+1"]
[WhiteFideId "5106249"]
[BlackFideId "4681932"]
[WhiteElo "2455"]
[BlackElo "2607"]
[WhiteTeam "MEX"]
[BlackTeam "GER"]
[WhiteClock "0:00:06"]
[BlackClock "0:00:10"]

1. d4 d5 2. c4 c6 3. Nf3 Nf6 4. Nc3 g6 5. cxd5 cxd5 6. Bf4 Bg7 7. e3 O-O 8. h3 Nc6 9. Be2 b6 10. O-O Bb7 11. Rc1 Rc8 12. Qa4 Na5 13. Nd2 Bc6 14. Bb5 Qd7 15. Bxc6 Rxc6 16. b4 Rfc8 17. bxa5 Rxc3 18. Qxd7 Nxd7 19. Rxc3 Rxc3 20. Nb3 Rc2 21. axb6 Nxb6 22. Rc1 Rxa2 23. Rc7 Bf8 24. Rb7 f6 25. Bb8 Nc8 26. Rc7 Nd6 27. Nc5 a5 28. Ra7 Ne4 29. Bc7 Nxc5 30. dxc5 a4 31. Bb6 Kf7 32. c6 Rc2 33. c7 Ke6 34. Rxa4 Kd7 35. Ra8 Bh6 36. Rd8+ Ke6 37. c8=Q+ Rxc8 38. Rxc8 Kf5 39. Rh8 Bg7 40. Rxh7 1-0

[Event "January 9 Early 2024"]
[Site "https://www.chess.com"]
[Date "2024.01.11"]
[Round "5"]
[White "Zhuk, Valeriy"]
[Black "Nouali, Mohamed"]
[Result "1-0"]
[Board "168"]
[TimeControl "180+1"]
[WhiteFideId "24151254"]
[BlackFideId "5502462"]
[WhiteElo "2406"]
[BlackElo "2572"]
[WhiteTeam "RUS"]
[BlackTeam "TUN"]
[WhiteClock "0:00:21"]
[BlackClock "0:00:07"]

1. e4 c5 2. Nf3 Nc6 3. d4 cxd4 4. Nxd4 g6 5. Be2 Bg7 6. Nb3 a5 7. a4 Nf6 8. Nc3 O-O 9. O-O d6 10. Bg5 Be6 11. Bf3 Rc8 12. Re1 Ne5 13. Be2 Rxc3 14. bxc3 Nxe4 15. Bd2 Qc7 16. Nd4 Nxc3 17. Bxc3 Qxc3 18. Nxe6 fxe6 19. Rb1 Nc6 20. Bg4 Bd4 21. Bxe6+ Kh8 22. Rf1 b6 23. Rb3 Qc5 24. Rf3 Rf6 25. Rxf6 exf6 26. Bb3 Kg7 27. Qe2 Be5 28. g3 Nd4 29. Qd3 g5 30. h3 h5 31. Kg2 g4 32. hxg4 hxg4 33. Qe4 f5 34. Qb7+ Kh6 35. Rh1+ Kg5 36. Qf7 Qc6+ 37. Bd5 1-0

[Event "January 9 Early 2024"]
[Site "https://www.chess.com"]
[Date "2024.01.11"]
[Round "5"]
[White "Erigaisi Arjun"]
[Black "Kozak, Antoni"]
[Result "1-0"]
[Board "169"]
[TimeControl "180+1"]
[WhiteFideId "35009192"]
[BlackFideId "21832030"]
[WhiteElo "3022"]
[BlackElo "2756"]
[WhiteTeam "IND"]
[BlackTeam "POL"]
[WhiteClock "0:01:01"]
[BlackClock "0:00:04"]

1. c4 e6 2. Nf3 d5 3. e3 Nf6 4. b3 Nbd7 5. Bb2 Bd6 6. Nc3 a6 7. d4 O-O 8. c5 Be7 9. Qc2 b6 10. c6 Nb8 11. Ne5 Qd6 12. Nb1 Ne4 13. f3 Nf6 14. Bd3 a5 15. O-O Ba6 16. Rc1 Bxd3 17. Qxd3 Na6 18. a3 Qd8 19. Nc3 Nb8 20. Nb5 Ne8 21. e4 Bg5 22. Rc2 Nd6 23. Nc3 dxe4 24. fxe4 f6 25. Nf3 Nxc6 26. d5 Ne5 27. Nxe5 fxe5 28. dxe6 Qe8 29. Nd5 Rd8 30. Nxc7 Qh5 31. Nd5 Qh4 32. g3 Qg4 33. e7 Bxe7 34. Nxe7+ Kh8 35. Qe2 Qh3 36. Nc6 Rc8 37. Nxe5 Rce8 38. Rf1 Rxf1+ 39. Qxf1 Qe6 40. Qf3 Kg8 41. Rf2 h6 42. Nc4 Nxc4 43. bxc4 Qxc4 44. e5 Qe6 45. Rd2 Rc8 46. Qd5 Qxd5 47. Rxd5 Rc2 48. Rb5 Kf7 49. Rxb6 a4 50. e6+ Ke7 51. Bxg7 Ra2 52. Bxh6 Rxa3 53. Bg5+ Kf8 54. e7+ Kf7 55. Rf6+ Kxe7 56. Rf3+ 1-0

[Event "January 9 Early 2024"]
[Site "https://www.chess.com"]
[Date "2024.01.11"]
[Round "5"]
[White "Llorente Zaro, Alfonso"]
[Black "Kanyamarala, Trisha"]
[Result "0-1"]
[Board "170"]
[TimeControl "180+1"]
[WhiteFideId "2254131"]
[BlackFideId "45004722"]
[WhiteElo "2691"]
[BlackElo "2521"]
[WhiteTeam "ESP"]
[BlackTeam "IRL"]
[WhiteClock "0:00:02"]
[BlackClock "0:00:21"]

1. e4 c5 2. Nf3 d6 3. d4 cxd4 4. Nxd4 Nf6 5. Nc3 e5 6. Bb5+ Bd7 7. Nf5 a6 8. Bxd7+ Qxd7 9. Ne3 Nc6 10. Ned5 Nxd5 11. Nxd5 Qd8 12. Be3 Rc8 13. Qg4 Ne7 14. O-O-O Nxd5 15. Rxd5 Qc7 16. c3 h5 17. Qg3 Qc4 18. Qh3 Rc6 19. Rhd1 Be7 20. a3 Qxe4 21. R5d3 Qg4 22. Bd2 Qxh3 23. Rxh3 g6 24. f4 O-O 25. f5 Kg7 26. Rf1 d5 27. Rd3 Rd8 28. Kd1 e4 29. Rg3 d4 30. fxg6 fxg6 31. cxd4 Rxd4 32. Ke1 Bf6 33. Bc3 Rd7 34. Rxf6 Rxf6 35. Rg5 Kf7 36. Bxf6 Kxf6 37. Rc5 Rd3 38. Ke2 Rb3 39. Rc2 Kf5 40. g3 Kg4 41. Kf2 Kh3 0-1

[Event "January 9 Early 2024"]
[Site "https://www.chess.com"]
[Date "2024.01.11"]
[Round "5"]
[White "Prudnykova, Olga"]
[Black "Shuvalov, Evgenij"]
[Result "0-1"]
[Board "171"]
[TimeControl "180+1"]
[WhiteFideId "14121093"]
[BlackFideId "4187237"]
[WhiteElo "2267"]
[BlackElo "2518"]
[WhiteTeam "ISL"]
[BlackTeam "FID"]
[WhiteClock "0:00:14"]
[BlackClock "0:00:06"]

1. e4 e6 2. d4 d5 3. e5 c5 4. c3 Nc6 5. Be3 Nh6 6. Bd3 cxd4 7. cxd4 Qb6 8. Qd2 Ng4 9. Nc3 Bd7 10. Nf3 Nxe3 11. fxe3 Be7 12. O-O O-O 13. Kh1 Rac8 14. e4 Nb4 15. exd5 Nxd5 16. Nxd5 exd5 17. Rad1 h6 18. Qf2 Bb5 19. Rfe1 Bxd3 20. Rxd3 Rc6 21. Rde3 Bb4 22. Rf1 Qc7 23. Nh4 Rc2 24. Qf3 Bd2 25. Rb3 Bg5 26. Nf5 Rc1 27. Rc3 Rxc3 28. bxc3 g6 29. Nd6 Qc6 30. c4 dxc4 31. d5 Qd7 32. Qe4 c3 33. Qc4 Qe7 34. Qxc3 Kh7 35. Qg3 Kg8 36. e6 fxe6 37. Rxf8+ Qxf8 38. h4 Qf1+ 39. Kh2 Bf4 0-1

[Event "January 9 Early 2024"]
[Site "https://www.chess.com"]
[Date "2024.01.11"]
[Round "5"]
[White "Vakhidov, Shahzod"]
[Black "Materia, Marco"]
[Result "0-1"]
[Board "172"]
[TimeControl "180+1"]
[WhiteFideId "14205270"]
[BlackFideId "45150451"]
[WhiteElo "2516"]
[BlackElo "2813"]
[WhiteTeam "UZB"]
[BlackTeam "FRA"]
[WhiteClock "0:00:04"]
[BlackClock "0:00:46"]

1. d4 Nf6 2. Nf3 d5 3. c4 e6 4. g3 Be7 5. Bg2 O-O 6. O-O Nbd7 7. Qc2 b6 8. Nbd2 Bb7 9. Rd1 c5 10. b3 Rc8 11. Bb2 dxc4 12. bxc4 cxd4 13. Bxd4 Qc7 14. Qb2 Rfd8 15. Rac1 h6 16. Nb3 Be4 17. Nbd2 Bc6 18. Nb3 Qb7 19. Nh4 Bxg2 20. Nxg2 Bf8 21. Ne3 Ne4 22. f3 Nec5 23. Ng4 h5 24. Nf2 Qa6 25. Kg2 Nb7 26. Qd2 Rxc4 27. Qg5 Rxc1 28. Nxc1 Qa5 29. Qxa5 Nxa5 30. Be5 Nb7 31. Bc7 Rc8 32. Rxd7 Nc5 33. Rd8 Rxc7 34. Ncd3 Nxd3 35. Nxd3 g6 36. Ra8 Kg7 37. f4 Be7 38. Kf3 Bf6 39. h3 a5 40. g4 hxg4+ 41. hxg4 Rc2 42. g5 Ba1 43. a4 Rc4 44. Rb8 Rxa4 45. Rxb6 Ra2 46. Ra6 a4 47. Nc5 a3 48. Nxe6+ fxe6 0-1

[Event "January 9 Early 2024"]
[Site "https://www.chess.com"]
[Date "2024.01.11"]
[Round "5"]
[White "Keymer, Vincent"]
[Black "Shuvalova, Polina"]
[Result "1-0"]
[Board "173"]
[TimeControl "180+1"]
[WhiteFideId "12940690"]
[BlackFideId "24171760"]
[WhiteElo "3025"]
[BlackElo "2756"]
[WhiteTeam "GER"]
[BlackTeam "RUS"]
[WhiteClock "0:00:14"]
[BlackClock "0:00:04"]

1. Nf3 d5 2. e3 Nf6 3. c4 e6 4. Nc3 c5 5. cxd5 exd5 6. Bb5+ Nc6 7. Ne5 Bd7 8. Bxc6 bxc6 9. O-O Bd6 10. Nxd7 Nxd7 11. b3 O-O 12. Ba3 Qc7 13. h3 a5 14. Na4 c4 15. Bxd6 Qxd6 16. bxc4 dxc4 17. Rc1 Ne5 18. f4 Nd3 19. Rxc4 Rad8 20. Qb1 c5 21. Rc3 h5 22. Rd1 h4 23. Nb2 Nxb2 24. Qxb2 Rfe8 25. Qc2 Rc8 26. Rc4 Qd5 27. a4 Re6 28. f5 Rec6 29. Rxh4 c4 30. Rd4 Qe5 31. Qe4 Qf6 32. Rc1 Rc5 33. Rcxc4 Rxc4 34. Rxc4 Rb8 35. Qf4 Rd8 36. d4 Qa6 37. Rc5 Qe2 38. f6 gxf6 39. Kh2 Kg7 40. Rc6 f5 41. Qg5+ 1-0

[Event "January 9 Early 2024"]
[Site "https://www.chess.com"]
[Date "2024.01.11"]
[Round "5"]
[White "Tan, Ralph"]
[Black "Ioannidis, Evgenios"]
[Result "0-1"]
[Board "174"]
[TimeControl "180+1"]
[WhiteFideId "30966590"]
[BlackFideId "4229274"]
[WhiteElo "2551"]
[BlackElo "2803"]
[WhiteTeam "USA"]
[BlackTeam "GRE"]
[WhiteClock "0:00:01"]
[BlackClock "0:00:07"]

1. Nf3 d5 2. g3 g6 3. Bg2 Bg7 4. d4 c6 5. O-O Nf6 6. c4 dxc4 7. Ne5 Ng4 8. Nxc4 Qxd4 9. Qc2 Be6 10. Na5 Qb6 11. Nb3 Nd7 12. Nc3 O-O 13. h3 Ngf6 14. Be3 Bf5 15. Qc1 Qa6 16. Rd1 Rfd8 17. Nd4 Ne5 18. Nxf5 gxf5 19. Qc2 e6 20. Bd4 Nc4 21. e4 Rxd4 22. Rxd4 Nxe4 23. Rxc4 Qxc4 24. Bxe4 fxe4 25. Qxe4 Qxe4 26. Nxe4 Rd8 27. Kf1 b6 28. Rb1 Rd4 29. Ng5 Rd2 30. Ke1 Rxb2 31. Rd1 Bc3+ 32. Kf1 Bf6 33. Ne4 Kg7 34. Rd7 Rxa2 35. Nd6 c5 36. Nxf7 Bd4 37. Ne5+ Kg8 38. Rd8+ Kg7 39. Rd7+ Kf8 0-1

[Event "January 9 Early 2024"]
[Site "https://www.chess.com"]
[Date "2024.01.11"]
[Round "5"]
[White "Haug, Havard"]
[Black "Swicarz, Maciej"]
[Result "1-0"]
[Board "175"]
[TimeControl "180+1"]
[WhiteFideId "1547887"]
[BlackFideId "1113585"]
[WhiteElo "2779"]
[BlackElo "2498"]
[WhiteTeam "NOR"]
[BlackTeam "POL"]
[WhiteClock "0:00:53"]
[BlackClock "0:00:09"]

1. e4 c5 2. c3 Nf6 3. e5 Nd5 4. Nf3 d6 5. exd6 Qxd6 6. d4 cxd4 7. Nxd4 a6 8. Be2 Nc6 9. O-O Nxd4 10. Qxd4 e5 11. Qd1 Be6 12. Nd2 Nf6 13. Nc4 Qc7 14. Ne3 Be7 15. Qc2 O-O 16. b3 b5 17. c4 bxc4 18. Bxc4 Rfc8 19. Bb2 Bd6 20. Rac1 Bxc4 21. Nxc4 e4 22. Bxf6 Bxh2+ 23. Kh1 gxf6 24. g3 Bxg3 25. fxg3 Kh8 26. Qf2 f5 27. Qb2+ Kg8 28. Rxf5 h6 29. Qf6 Qc6 30. Qxc6 Rxc6 31. Re5 Rd8 32. Rxe4 Rd2 33. Nxd2 Rxc1+ 34. Kg2 Rc2 35. Rd4 Rxa2 36. Kh3 a5 37. Rd5 a4 38. bxa4 Rxa4 39. Nf3 Kg7 40. Rd6 Ra5 41. Nd4 Kh7 42. Kh4 Kg7 43. g4 h5 44. Nf5+ Kh7 45. Kxh5 Ra1 46. Rd7 Kg8 47. Nh6+ Kh8 48. Nxf7+ Kg8 49. Nh6+ Kh8 50. Nf5 Ra6 51. g5 Ra1 52. Kg6 Ra6+ 53. Nd6 Ra8 54. Rd8+ Rxd8 55. Nf7+ Kg8 56. Nxd8 Kh8 57. Nf7+ Kg8 58. Kf6 Kf8 59. g6 Kg8 60. Nh6+ Kh8 61. g7+ 1-0

[Event "January 9 Early 2024"]
[Site "https://www.chess.com"]
[Date "2024.01.11"]
[Round "5"]
[White "Osinovsky, Stepan"]
[Black "Carnicelli, Valerio"]
[Result "0-1"]
[Board "176"]
[TimeControl "180+1"]
[WhiteFideId "4157354"]
[BlackFideId "856185"]
[WhiteElo "2404"]
[BlackElo "2588"]
[WhiteTeam "RUS"]
[BlackTeam "ITA"]
[WhiteClock "0:00:01"]
[BlackClock "0:00:08"]

1. e4 e5 2. Nf3 Nc6 3. Bb5 a6 4. Ba4 Nf6 5. O-O Be7 6. Re1 b5 7. Bb3 d6 8. c3 O-O 9. h3 Na5 10. Bc2 c5 11. d4 Nc6 12. d5 Nb8 13. a4 Bb7 14. b3 Nbd7 15. c4 Re8 16. Nc3 b4 17. Ne2 Bf8 18. g4 g6 19. Ng3 Nb8 20. Kh2 Bc8 21. Rg1 Bg7 22. Bg5 Kh8 23. Qd2 Ra7 24. Rg2 Qc7 25. Rag1 Ng8 26. Nh4 Qb6 27. Nhf5 gxf5 28. gxf5 f6 29. Nh5 Rf7 30. Bh4 Ree7 31. Rg4 Qd8 32. Qe3 Qf8 33. Qg3 Nd7 34. Rg2 a5 35. Kh1 Nh6 36. f3 Nxg4 37. hxg4 Bh6 0-1

[Event "January 9 Early 2024"]
[Site "https://www.chess.com"]
[Date "2024.01.11"]
[Round "5"]
[White "Osmak, Yuliia"]
[Black "Bodnaruk, Anastasia"]
[Result "0-1"]
[Board "177"]
[TimeControl "180+1"]
[WhiteFideId "14101602"]
[BlackFideId "4181751"]
[WhiteElo "2514"]
[BlackElo "2557"]
[WhiteTeam "UKR"]
[BlackTeam "RUS"]
[WhiteClock "0:00:05"]
[BlackClock "0:00:22"]

1. e4 c5 2. Nf3 d6 3. Bb5+ Bd7 4. Bxd7+ Qxd7 5. c4 Nf6 6. Nc3 g6 7. d4 cxd4 8. Nxd4 Bg7 9. Be3 Nc6 10. f3 O-O 11. O-O e6 12. Rc1 Rac8 13. Nxc6 bxc6 14. Qd3 Rfd8 15. Rfd1 Qb7 16. b3 d5 17. Bg5 Qb6+ 18. Kh1 dxe4 19. Qf1 Rxd1 20. Rxd1 exf3 21. Qxf3 Ne8 22. Rd7 f5 23. Na4 Qa5 24. Bd2 Qe5 25. Bc3 Qe4 26. Qxe4 fxe4 27. Rxa7 e3 28. Kg1 Rd8 29. Kf1 Bxc3 30. Nxc3 Rd2 31. Ne4 Rb2 32. Re7 Ng7 33. Nf6+ Kf8 34. Ra7 Rf2+ 35. Ke1 Rxf6 36. Ke2 Rf2+ 37. Kxe3 Rxg2 38. Ke4 Re2+ 39. Kd4 e5+ 40. Kc5 e4 41. Kd6 e3 42. Kxc6 Rd2 43. Ra8+ Kf7 44. Ra7+ Kf6 0-1

[Event "January 9 Early 2024"]
[Site "https://www.chess.com"]
[Date "2024.01.11"]
[Round "5"]
[White "Gevorgyan, Maria"]
[Black "Kotlyar, Kirill"]
[Result "0-1"]
[Board "178"]
[TimeControl "180+1"]
[WhiteFideId "13300270"]
[BlackFideId "24145599"]
[WhiteElo "2428"]
[BlackElo "2591"]
[WhiteTeam "ARM"]
[BlackTeam "RUS"]
[WhiteClock "0:00:24"]
[BlackClock "0:00:16"]

1. e4 e5 2. Nf3 Nc6 3. Bc4 Nf6 4. Ng5 d5 5. exd5 Na5 6. Bb5+ c6 7. dxc6 bxc6 8. Qf3 Bb7 9. Ba4 Be7 10. O-O O-O 11. d3 Nd7 12. Qh5 h6 13. Nf3 Nc5 14. Bb3 Naxb3 15. axb3 f6 16. Nh4 Qe8 17. Qf3 Ne6 18. Nc3 Nd4 19. Qg3 Qh5 20. Ra4 c5 21. Be3 Bc6 22. Ra6 Bb7 23. Ra4 Bd6 24. Bxd4 cxd4 25. Ne4 Bxe4 26. dxe4 Rfe8 27. Nf5 Bf8 28. h3 Rec8 29. Rfa1 Rc7 30. Ra6 Kh7 31. Nxd4 Qf7 32. Ne6 Rxc2 33. Nxf8+ Qxf8 34. Rxa7 Rac8 35. Kh2 R8c7 36. Rxc7 Rxc7 37. Ra6 Qc8 38. b4 Qxa6 39. Qg4 Qc6 40. Qf5+ Kg8 41. Qg6 Rc8 42. Qf5 Rb8 0-1

[Event "January 9 Early 2024"]
[Site "https://www.chess.com"]
[Date "2024.01.11"]
[Round "5"]
[White "Saim, Mohamed Ilias"]
[Black "Bogaudinov, Rushan"]
[Result "0-1"]
[Board "179"]
[TimeControl "180+1"]
[WhiteFideId "7900465"]
[BlackFideId "4129288"]
[WhiteElo "2103"]
[BlackElo "2387"]
[WhiteTeam "ALG"]
[BlackTeam "RUS"]
[WhiteClock "0:00:01"]
[BlackClock "0:00:58"]

1. d4 Nf6 2. Bg5 e6 3. Nd2 Be7 4. e3 d5 5. Bd3 b6 6. f4 Bb7 7. Qf3 c5 8. c3 Nbd7 9. Nh3 Ne4 10. Nxe4 dxe4 11. Bxe4 Bxe4 12. Qxe4 O-O 13. Bxe7 Qxe7 14. O-O Nf6 15. Qf3 h6 16. Nf2 Rac8 17. Rae1 a5 18. g4 Nh7 19. Kh1 a4 20. a3 b5 21. dxc5 Qxc5 22. Ne4 Qc6 23. Rd1 f5 24. gxf5 exf5 25. Nd6 Qxf3+ 26. Rxf3 Rc5 27. e4 fxe4 28. Nxe4 Rcf5 29. Nd6 Rxf4 30. Rxf4 Rxf4 31. Nxb5 Rf2 32. Rd4 Ng5 33. Kg1 Rxb2 34. Rxa4 Rxb5 35. Rb4 Rd5 36. a4 Rd3 37. Rc4 Rd2 38. a5 Ra2 39. Rc5 Ne4 40. Rc4 Nd2 41. Rc5 Kh7 42. c4 Nb3 43. Rb5 Nxa5 44. c5 Nc6 45. Rb6 Ne5 46. Re6 Nd3 47. c6 Rc2 48. Kf1 Nb4 49. h4 Rxc6 50. Re4 Nd3 51. h5 Rf6+ 52. Kg1 Nf4 53. Kh1 Nxh5 54. Re7 Kg6 55. Kh2 Rf7 56. Re6+ Nf6 57. Kh3 Ra7 58. Re8 Ra3+ 59. Kh4 Ra4+ 60. Kh3 h5 0-1

[Event "January 9 Early 2024"]
[Site "https://www.chess.com"]
[Date "2024.01.11"]
[Round "5"]
[White "Mammadov, Ziya"]
[Black "Modric, Nesa"]
[Result "0-1"]
[Board "180"]
[TimeControl "180+1"]
[WhiteFideId "13418890"]
[BlackFideId "922579"]
[WhiteElo "1955"]
[BlackElo "2208"]
[WhiteTeam "AZE"]
[BlackTeam "SRB"]
[WhiteClock "0:00:01"]
[BlackClock "0:00:31"]

1. e4 c6 2. d4 d5 3. exd5 cxd5 4. c4 Nc6 5. Nc3 Nf6 6. Nf3 e6 7. Be2 a6 8. O-O dxc4 9. Bxc4 b5 10. Bb3 Bb7 11. Be3 Nb4 12. a3 Nbd5 13. Nxd5 Nxd5 14. Rc1 Be7 15. Qd3 O-O 16. Bc2 g6 17. Bh6 Re8 18. Ne5 Bf6 19. Ng4 Bg7 20. Bxg7 Kxg7 21. Bb3 Qg5 22. f3 Rac8 23. Rxc8 Rxc8 24. Bxd5 Bxd5 25. Qe3 Qxe3+ 26. Nxe3 Bb3 27. Kf2 f5 28. Re1 Kf6 29. g4 Rd8 30. gxf5 gxf5 31. Rc1 Rxd4 32. Ke2 Rh4 33. Rh1 h5 34. Ng2 Rc4 35. Ne3 Rh4 36. Ng2 Rd4 37. Ne3 f4 38. Ng2 Bc4+ 39. Ke1 e5 40. Rg1 Bb3 41. Ke2 Bc4+ 42. Ke1 Rd3 43. Nh4 Re3+ 44. Kd2 Re2+ 45. Kd1 Rxh2 46. Ng2 h4 47. Ne1 h3 48. Kc1 Rf2 0-1

[Event "January 9 Early 2024"]
[Site "https://www.chess.com"]
[Date "2024.01.11"]
[Round "5"]
[White "Perez Ponsa, Federico"]
[Black "Potkin, Vladimir"]
[Result "1-0"]
[Board "181"]
[TimeControl "180+1"]
[WhiteFideId "117927"]
[BlackFideId "4131061"]
[WhiteElo "2876"]
[BlackElo "2669"]
[WhiteTeam "ARG"]
[BlackTeam "RUS"]
[WhiteClock "0:00:09"]
[BlackClock "0:00:01"]

1. e4 c5 2. Nf3 e6 3. d4 cxd4 4. Nxd4 Nc6 5. Nc3 Qc7 6. Be3 a6 7. Qd2 Nf6 8. f4 b5 9. e5 b4 10. Ncb5 axb5 11. Nxb5 Qb8 12. exf6 gxf6 13. a4 d5 14. Bd3 Bd7 15. O-O f5 16. c4 dxc4 17. Bxc4 Na5 18. Rad1 Bc6 19. Be2 Be7 20. Bf3 Qb7 21. Nd6+ Bxd6 22. Qxd6 Bxf3 23. Rxf3 Rg8 24. Bc5 Nc4 25. Qd4 Nxb2 26. Rg3 Rf8 27. Qd6 Rh8 28. Qe5 Nxd1 29. Qxh8+ Kd7 30. Qd4+ Qd5 31. Qxb4 Rc8 32. Qb5+ Kd8 33. Rd3 Rxc5 34. Rxd5+ Rxd5 35. Qb8+ Ke7 36. Qc7+ Kf6 37. a5 Kg6 38. a6 Ne3 39. a7 1-0